 Dungeon Crawl Stone Soup version 0.18-a0-1805-g8ab820f (webtiles) character file.

469 Chiseanne the Skirmisher (level 6, 0/62 HPs)
             Began as a Troll Monk on Apr 26, 2016.
             Slain by a wolf (5 damage)
             ... on level 4 of the Dungeon.
             The game lasted 00:08:12 (2595 turns).

Chiseanne the Skirmisher (Troll Monk)               Turns: 2595, Time: 00:08:13

Health: 0/62       AC:  7    Str: 20    XL:     6   Next: 82%
Magic:  5/5        EV: 11    Int:  6    God:
Gold:   193        SH:  0    Dex: 14    Spells: 0 memorised, 5 levels left

rFire  . . .     SeeInvis .       - Unarmed
rCold  . . .     Gourm    +     F - +2 robe
rNeg   . . .     Faith    .     (no shield)
rPois  .         Spirit   .     (helmet restricted)
rElec  .         Dismiss  .     (no cloak)
rCorr  .         Reflect  .     (gloves unavailable)
SustAt .         Harm     .     (boots unavailable)
MR     ++...                    (no amulet)
Stlth  ++........               y - ring of protection from magic
                                D - ring of protection from magic

@: very resistant to hostile enchantments, unstealthy
A: unfitting armour, claws 3, fast metabolism 3, gourmand, regeneration 2,
shaggy fur 1, tough skin 2
a: no special abilities


You were on level 4 of the Dungeon.
You were completely stuffed.

You visited 1 branch of the dungeon, and saw 4 of its levels.

You collected 193 gold pieces.

Inventory:

Missiles
 h - 84 sling bullets
 i - 59 bolts
 j - 38 arrows
 l - 22 poisoned needles
 q - 2 tomahawks
 s - 111 stones (quivered)
 A - 6 steel javelins
 G - 7 needles of confusion
Armour
 F - a +2 robe (worn)
Jewellery
 d - an uncursed ring of resist corrosion
 y - a ring of protection from magic (right claw)
 D - a ring of protection from magic (left claw)
 J - an uncursed ring of protection from fire {unknown}
Wands
 E - a wand of polymorph (11/24)
Scrolls
 a - a scroll of random uselessness {unknown}
 f - a scroll of amnesia {unknown}
 m - a scroll of blinking {unknown}
 o - 2 scrolls of noise {unknown}
 r - 2 scrolls of enchant weapon {unknown}
 w - a scroll of remove curse
 x - a scroll of fear {unknown}
 z - 2 scrolls of immolation {unknown}
 K - a scroll of enchant armour {unknown}
Potions
 e - a potion of heal wounds
 g - a potion of berserk rage {unknown}
 p - a potion of cancellation {unknown}
 t - a potion of lignification {unknown}
 u - 2 potions of magic {unknown}
 v - a potion of brilliance {unknown}
 B - 3 potions of curing {unknown}
 C - a potion of haste {unknown}
 H - 2 potions of cure mutation {unknown}
Comestibles
 b - 4 bread rations
 c - 2 fruits
 k - a royal jelly
 n - a beef jerky
 I - 6 chunks of flesh


   Skills:
 * Level 4.2 Fighting
 * Level 3.4 Throwing
 * Level 4.1 Dodging
 - Level 1.1 Stealth
 - Level 4.0 Unarmed Combat


You had 5 spell levels left.
You didn't know any spells.

Dungeon Overview and Level Annotations

Branches:
Dungeon (4/15)
 Temple: D:4-7

Altars:


Innate Abilities, Weirdness & Mutations

You are too large for most types of armour.
You have claws for hands.
Your metabolism is lightning-fast.
You like to eat raw meat.
You heal very quickly.
You are covered in fur (AC +1).
You have very tough skin (AC +2).


Message History

The wolf is moderately wounded.
The wolf barely misses you. The wolf completely misses you.
You miss the wolf.
The wolf is moderately wounded.
The wolf closely misses you.
You miss the wolf.
The wolf is moderately wounded.
The wolf bites you.
* * * LOW HITPOINT WARNING * * *
The wolf barely misses you.
You scratch the wolf.
The wolf is heavily wounded.
The wolf bites you!
* * * LOW HITPOINT WARNING * * *
The wolf bites you.
* * * LOW HITPOINT WARNING * * *
You scratch the wolf but do no damage.
The wolf is heavily wounded.
The wolf bites you.
You die...

########........#..o#......#
#. ...#
#........#...#......# #.
...# #........#...#......#
#. ...#
#........#)..#......# #.
...# #........#...'......#
#. ####
#........'...#......# #.
...# #........#####......#
#. ...#
#.......)h..........# #.
...# #.......)@).........#
#. ...#
#...................# #.
...# #########...........#
#. ...###### #...........#
#. ........# #...........#
#. ........# #...........#
#. ###.....# #...........#
#. ..#.....# #...........#
#[ ..#.....# #...........#
#.


You could see a wolf.

Vanquished Creatures
  A phantom (D:4)
  A water moccasin skeleton (D:4)
  3 orc priests
  3 orc wizards
  An iguana (D:4)
  2 gnolls (D:2)
  3 adders
  A river rat (D:3)
  An ooze (D:1)
  3 worms
  2 dart slugs
  5 giant geckos
  9 orcs
  2 giant cockroaches
  2 goblins (D:1)
  4 hobgoblins
  5 jackals
  5 bats
  A giant gecko skeleton (D:4)
  2 giant newts
  A jackal skeleton (D:4)
  5 kobolds
  4 rats
66 creatures vanquished.

Notes
Turn   | Place    | Note
--------------------------------------------------------------
     0 | D:1      | Chiseanne the Troll Monk began the quest for the Orb.
     0 | D:1      | Reached XP level 1. HP: 22/22 MP: 0/0
   181 | D:1      | Reached XP level 2. HP: 25/29 MP: 1/1
   414 | D:1      | Reached skill level 1 in Throwing
   723 | D:2      | Reached XP level 3. HP: 20/36 MP: 2/2
  1427 | D:2      | Reached XP level 4. HP: 44/45 MP: 3/3
  1671 | D:2      | Reached XP level 5. HP: 32/53 MP: 4/4
  1932 | D:3      | Noticed Sigmund
  1935 | D:3      | Noticed Sigmund
  1935 | D:3      | Sigmund changed into Sigmund the river rat
  1946 | D:3      | Killed Sigmund the river rat
  2302 | D:4      | Reached XP level 6. HP: 62/62 MP: 5/5
  2595 | D:4      | Slain by a wolf

Vault maps used:
D:1:      dpeg_arrival_orchard, st_stairs_9
D:2:      minmay_misc_feat_tower
D:3:      first_bread, uniq_sigmund
D:4:      minmay_temple_entry_poolview

Skill      XL: |  1  2  3  4  5  6 |
---------------+-------------------+-----
Throwing       | 1 2 3 |  3.4
Fighting       | 3 4 |  4.2
Dodging        | 3 4 |  4.1
Stealth        | |  1.1
Unarmed Combat | |  4.0

Action                   |  1- 3 |  4- 6 || total
-------------------------+-------+-------++-------
Melee: Unarmed           |    93 |   160 ||   253
       Punch             |     2 |     4 ||     6
Evoke: Wand              |       |     2 ||     2
  Use: Scroll            |     3 |     1 ||     4
       Potion            |       |     3 ||     3
 Stab: Sleeping          |     1 |       ||     1
  Eat: Chunk             |    16 |    13 ||    29
Armor: Robe              |    29 |    67 ||    96
Dodge: Dodged            |    43 |   111 ||   154
